 Dungeon Crawl Stone Soup version 0.29-a0-321-gf1c400731a (webtiles) character file.

Game seed: 13064046496922202154

29 sammy202020 the Skirmisher (level 3, 38/40 HPs)
             Began as an Ogre Berserker on Apr 4, 2022.
             Was a Follower of Trog.
             Quit the game on level 1 of the Dungeon.
             The game lasted 00:01:07 (743 turns).

sammy202020 the Skirmisher (Ogre Berserker)          Turns: 743, Time: 00:01:08

Health: 38/40      AC:  3    Str: 21    XL:     3   Next: 16%
Magic:  3/3        EV: 10    Int:  8    God:    Trog [*.....]
Gold:   98         SH:  0    Dex: 10    Spells: 2/2 levels left

rFire   . . .      SeeInvis .   a - +0 mace
rCold   . . .      Faith    .   (no shield)
rNeg    . . .      Spirit   .   b - +0 animal skin
rPois   .          Reflect  .   (helmet restricted)
rElec   .          Harm     .   (no cloak)
rCorr   .          Rampage  .   (gloves unavailable)
Will    .....                   (boots unavailable)
Stlth   +.........              (no amulet)
HPRegen 0.13/turn               (no ring)
MPRegen 0.08/turn               (no ring)

@: no status effects
A: large, unfitting armour, tough skin 1
a: Renounce Religion, Berserk


You were on level 1 of the Dungeon.
You worshipped Trog.
Trog was aware of your devotion.
You visited 1 branch of the dungeon, and saw 1 of its levels.

You collected 98 gold pieces.

Inventory:

Hand Weapons
 a - a +0 mace (weapon)
Missiles
 e - 4 javelins (quivered)
Armour
 b - a +0 animal skin (worn)
Scrolls
 c - a scroll of holy word {unknown}
 f - 2 scrolls of vulnerability {unknown}
Potions
 d - a potion of degeneration {unknown}
 g - a potion of heal wounds {unknown}


   Skills:
 * Level 4.7 Fighting
 * Level 3.2 Maces & Flails
 + Level 2.9 Dodging


You had 2 spell levels left.
You didn't know any spells.
Your spell library was empty.

Dungeon Overview and Level Annotations

Branches:
Dungeon (1/15)

Altars:


Innate Abilities, Weirdness & Mutations

You are too large for most types of armour.
You have tough skin. (AC +1)


Message History

You open the door.
There is an open door here.
g - a yellow potion A giant cockroach comes into view.
A giant cockroach is nearby!
Found a ring mail.
The giant cockroach misses you.
You barely miss the giant cockroach. The giant cockroach closely misses you.
You hit the giant cockroach but do no damage.
The giant cockroach bites you.
The giant cockroach bites you but does no damage.
You sock the giant cockroach!
You kill the giant cockroach!
Trog accepts your kill.
No target in view!
No target in view!
No target in view!
No target in view!
No target in view!
No target in view!
No target in view!
No target in view!
A kobold comes into view. It is wielding a +0 short sword.
Found 25 stones.
A kobold is nearby!
The kobold barely misses you.
You hit the kobold but do no damage.
The kobold hits you with a +0 short sword.
You miss the kobold. The kobold hits you but does no damage.
The kobold closely misses you.
You hit the kobold.
You kill the kobold!
Trog accepts your kill.
No target in view!
No target in view!
No target in view!
No target in view!
No target in view!
No target in view!
You see here a +0 ring mail.
Are you sure you want to abandon this character and quit the game? (Confirm with "yes".)

..........###.#.####..#
#########....##+## ##'##
######...# #...# #...#
#...# ######## #..(#
#...# ......†########...#
#...# #######..†....#...#
#...# #.#######..)# #...#
#.......#.@.# #...#
#..######...# #...#
#.......#...# #...#
#.#####.#...# #...#
#######.# #...# #...#
........#####.#...# #...#
..............#...###...#
###############....#....#
##.......##


There were no monsters in sight!

Vanquished Creatures
  A gnoll (D:1)
  2 ball pythons (D:1)
  3 endoplasms (D:1)
  2 giant cockroaches (D:1)
  A goblin (D:1)
  A hobgoblin (D:1)
  3 kobolds (D:1)
  A quokka (D:1)
  2 bats (D:1)
16 creatures vanquished.

Notes
Turn   | Place    | Note
-------+----------+-------------------------------------------
     0 | D:1      | sammy202020 the Ogre Berserker began the quest for the Orb.
     0 | D:1      | Reached XP level 1. HP: 24/24 MP: 1/1
    31 | D:1      | Found a faded altar of an unknown god.
   244 | D:1      | Reached XP level 2. HP: 20/33 MP: 2/2
   599 | D:1      | Reached XP level 3. HP: 38/40 MP: 3/3
   743 | D:1      | Quit the game

Illustrated notes

Levels and vault maps discovered:
D:1:      mrwooster_arrival_arrow, layout_basic, ebering_ecumenical_altar_ruins,
          corexii_item_surrounded_by_moat, minmay_misc_feat_more_columns,
          nrook_uturn

Skill      XL: |  1 |
---------------+----+-----
Maces & Flails | 3 |  3.2
Fighting       | |  4.7
Dodging        | |  2.9

Action                   || total
-------------------------++-------
Melee: Mace              ||    41
       Punch             ||     1
Armor: Animal skin       ||    21
Dodge: Dodged            ||    25

Table legend: (Time is in decaauts)
 A = Elapsed time spent in this place.
 B = Non-inter-level travel time spent in this place.
 C = Inter-level travel time spent in this place.
 D = Time resting spent in this place.
 E = Time spent auto-exploring this place.
 F = Levels seen in this place.
 G = Mean time per level.
                   A        B        C        D        E       F      G
               +--------+--------+--------+--------+--------+-----+--------+
         Total |    753 |    753 |      0 |      0 |    645 |   1 |  753.0 |
       Dungeon |    753 |    753 |      0 |      0 |    645 |   1 |  753.0 |
               +--------+--------+--------+--------+--------+-----+--------+

Top non-repeatable levels by time:
     D:1: 753 daAuts
